 Dungeon Crawl Stone Soup version 0.27.1 (webtiles) character file.

Game seed: 10685922879958409051

90939 ZARRMARR the Sorcerer (level 15, -4/72 HPs)
             Began as a Deep Elf Air Elementalist on Aug 31, 2021.
             Was an Elder of Sif Muna.
             Shot with an arrow by a centaur warrior (18 damage)
             ... on level 15 of the Dungeon.
             The game lasted 03:46:45 (32784 turns).

ZARRMARR the Sorcerer (Deep Elf Air Elementalist)  Turns: 32784, Time: 03:46:46

Health: -4/72      AC: 13    Str:  6    XL:     15   Next: 53%
Magic:  18/55      EV: 20    Int: 36    God:    Sif Muna [****..]
Gold:   1601       SH:  0    Dex: 16    Spells: 31/65 levels left

rFire    + . .     SeeInvis .   C - +6 rapier "Geilurat" {speed, Will+ rCorr Int+2}
rCold    . . .     Faith    +   (no shield)
rNeg     . . .     Spirit   .   L - +2 robe of Taiblius {rPois Int+6}
rPois    +         Reflect  .   y - +0 helmet
rElec    .         Harm     .   i - +2 cloak
rCorr    +         Rampage  .   r - +2 pair of gloves
Will     ++...                  o - +0 pair of boots
Stlth    ++........             V - amulet of faith
HPRegen  0.22/turn              M - ring of magical power
MPRegen  0.34/turn              F - ring of the Octopus King {rF+ AC+1 EV+1 Str+1 Int+1 Dex+1}

@: no status effects
A: no striking features
a: Renounce Religion, Channel Magic, Forget Spell, Divine Exegesis


You were on level 15 of the Dungeon.
You worshipped Sif Muna.
Sif Muna was greatly pleased with you.
You visited 3 branches of the dungeon, and saw 22 of its levels.

You collected 2695 gold pieces.
You spent 1094 gold pieces at shops.

Inventory:

Hand Weapons
 C - the +6 rapier "Geilurat" (weapon) {speed, Will+ rCorr Int+2}
   (You bought it in a shop on level 12 of the Dungeon)

   Attacks with this weapon are significantly faster.
   Int:       It affects your intelligence (+2).
   rCorr:     It protects you from acid and corrosion.
   Will:      It increases your willpower.
Missiles
 b - 359 stones
Armour
 i - a +2 cloak (worn)
 o - a +0 pair of boots (worn)
 r - a +2 pair of gloves (worn)
 y - a +0 helmet (worn)
 L - the +2 robe of Taiblius (worn) {rPois Int+6}
   (You found it on level 10 of the Dungeon)

   Int:       It affects your intelligence (+6).
   rPois:     It protects you from poison.
Magical Staves
 k - a staff of conjuration
Jewellery
 h - an amulet of magic regeneration
 t - a ring of protection from fire
 F - a ring of the Octopus King (right hand) {rF+ AC+1 EV+1 Str+1 Int+1 Dex+1}
   (You found it on level 9 of the Dungeon)

   [ring of protection from fire]

   AC:        It affects your AC (+1).
   EV:        It affects your evasion (+1).
   Str:       It affects your strength (+1).
   Int:       It affects your intelligence (+1).
   Dex:       It affects your dexterity (+1).
   rF:        It protects you from fire.
 M - a ring of magical power (left hand)
 O - a ring of protection from cold
 V - an amulet of faith (around neck)
Wands
 a - a wand of mindburst (7)
 e - a wand of digging (6)
 f - a wand of charming (14)
 m - a wand of paralysis (8)
 G - a wand of acid (9)
 K - a wand of polymorph (14)
 T - a wand of flame (19)
Scrolls
 n - 2 scrolls of blinking {unknown}
 p - 4 scrolls of amnesia
 u - 2 scrolls of fear
 x - 3 scrolls of vulnerability {unknown}
 A - 2 scrolls of holy word
 D - a scroll of summoning {unknown}
 E - 2 scrolls of enchant armour {unknown}
 J - 6 scrolls of magic mapping
 R - 2 scrolls of torment {unknown}
 S - a scroll of noise {unknown}
 W - a scroll of brand weapon {unknown}
Potions
 c - 4 potions of attraction
 d - 2 potions of flight {unknown}
 g - 10 potions of curing
 j - 4 potions of haste
 l - 2 potions of ambrosia {unknown}
 q - 3 potions of berserk rage {unknown}
 s - 4 potions of heal wounds
 v - 3 potions of mutation {unknown}
 w - 4 potions of lignification
 z - a potion of degeneration {unknown}
 B - a potion of resistance
 I - 4 potions of brilliance {unknown}
 P - a potion of might {unknown}
 U - a potion of cancellation {unknown}
 Y - a potion of invisibility {unknown}
Miscellaneous
 Q - a phantom mirror


   Skills:
 * Level 13.3 Dodging
 - Level 2.4 Stealth
 + Level 25.8 Spellcasting
 - Level 1.1 Conjurations
 - Level 3.0 Air Magic
 - Level 6.7 Earth Magic
 * Level 11.2 Invocations


You had 31 spell levels left.
You knew the following spells:

 Your Spells              Type           Power      Damage    Failure   Level
a - Shock                 Conj/Air       100%       1d9       1%          1
b - Sandblast             Erth           100%       2d20      1%          1
c - Lee's Rapid Deconstr  Erth           38%        3d20*     1%          5
d - Airstrike             Air            31%        N/A       1%          4
e - Swiftness             Air            62%        N/A       1%          3
f - Passwall              Tmut/Erth      52%        N/A       1%          2
g - Dispel Undead         Necr           46%        3d18      4%          4
h - Ice Form              Ice/Tmut       46%        N/A       4%          4
i - Summon Ice Beast      Ice/Summ       46%        N/A       4%          4
j - Poisonous Vapours     Pois/Air       100%       N/A       1%          2
k - Leda's Liquefaction   Hex/Erth       31%        N/A       1%          4

Your spell library contained the following spells:

 Spells                   Type           Power      Damage    Failure   Level
 Corona                   Hex            51%        N/A       1%          1
 Magic Dart               Conj           100%       1d8       1%          1
 Sting                    Tmut/Pois      100%       1d8       1%          1
 Corpse Rot               Necr/Air       N/A        N/A       1%          2
 Searing Ray              Conj           100%       3d7       1%          2
 Static Discharge         Conj/Air       57%        N/A       1%          2
 Frozen Ramparts          Ice            92%        1d11      1%          3
 Fulminant Prism          Conj/Hex       25%        3d14      3%          4
 Borgnjor's Vile Clutch   Necr/Erth      31%        N/A       3%          5
 Cause Fear               Hex            23%        N/A       4%          4
 Olgreb's Toxic Radiance  Pois           46%        N/A       4%          4
 Freezing Cloud           Conj/Ice/Air   27%        6-21      8%          5
 Alistair's Intoxication  Tmut/Pois      30%        N/A       13%         5
 Death Channel            Necr           23%        N/A       56%         6
 Eringya's Noxious Bog    Tmut/Pois      23%        N/A       56%         6
 Summon Hydra             Summ           23%        N/A       98%         7
 Discord                  Hex            23%        N/A       100%        8
 Dragon's Call            Summ           23%        N/A       100%        9


Dungeon Overview and Level Annotations

Branches:
Dungeon (15/15)            Temple (1/1) D:7            Lair (6/6) D:10
  Swamp (0/4) Lair:2       Spider (0/4) Lair:2        Slime (0/5) Lair:6
    Orc (0/2) D:12         Vaults (0/5) D:14
 Depths: D:15

Altars:
Ashenzari
Cheibriados
Dithmenos
Elyvilon
Fedhas
Gozag
Hepliaklqana
Kikubaaqudgha
Makhleb
Nemelex Xobeh
Okawaru
Qazlal
Ru
Sif Muna
Trog
Uskayaw
Vehumet
Wu Jian
Xom
Yredelemnul
Zin
The Shining One

Shops:
D:2 (   D:8 *   D:12 (

Portals:
Trove: D:15 (show slimy rune of Zot)

Annotations:
D:12 Kirke
D:14 1 runed translucent door, Erphyb's ghost, journeyman DECj
D:15 3 runed translucent doors, Vuirau's ghost, journeyman DsGl
Lair:4 2 transporters


Message History

Casting: Airstrike (dangerous; 1% risk of failure)
Confirm with . or Enter, or press ? or * to list all spells.
Aiming: Poisonous Vapours (safe; 1% risk of failure)
Press: ? - help, Dir - move target, f - centaur warrior
Aim: a centaur warrior, wielding a +0 longbow and quivering arrows (wandering, hasn't noticed you) Poisonous vapours surround the centaur warrior!
The centaur warrior is poisoned.
The centaur warrior shouts!
The centaur warrior shoots an arrow.
The arrow hits you!
Casting: Poisonous Vapours (safe; 1% risk of failure)
Confirm with . or Enter, or press ? or * to list all spells.
Aiming: Lee's Rapid Deconstruction (dangerous; 1% risk of failure)
Press: ? - help, Dir - move target, p - centaur warrior A rock wall.
The wall shatters!
The blast of rock fragments hits the centaur warrior!
The centaur warrior is moderately wounded.
The centaur warrior shoots an arrow.
The arrow barely misses you.
The centaur warrior shoots an arrow.
The arrow hits you!
Casting: Lee's Rapid Deconstruction (dangerous; 1% risk of failure)
Confirm with . or Enter, or press ? or * to list all spells.
Aiming: Lee's Rapid Deconstruction (dangerous; 1% risk of failure)
Press: ? - help, Dir - move target A rock wall.
The wall shatters!
The blast of rock fragments hits the centaur warrior!!
The centaur warrior is severely wounded.
The centaur warrior shoots an arrow.
The arrow hits you!!
Casting: Lee's Rapid Deconstruction (dangerous; 1% risk of failure)
Confirm with . or Enter, or press ? or * to list all spells.
Aiming: Lee's Rapid Deconstruction (dangerous; 1% risk of failure)
Press: ? - help, Dir - move target A rock wall.
The wall shatters!
The blast of rock fragments hits the centaur warrior!
The centaur warrior is almost dead.
The centaur warrior shoots an arrow.
The arrow hits you!
* * * LOW HITPOINT WARNING * * *
The centaur warrior shoots an arrow.
The arrow hits you!!
You die...

##'##.............#............#.
..................#o...........#.
..................#............#.
..................#.)))........#.
#######....###'#..###)##########.
......#....+...#....)..c.........
......#....#...#.................
......#....#...#.......).........
......#....#####@................
#####'#..........................
..............####....###........
........####..# #....# #........
........# #..# #....# ########.
####....# #.(# #....# #. #....#
#..# #....# #. #...<# #..# #....#
#. ###### #### #....# #.


You could see a centaur warrior (very poisoned).

Vanquished Creatures
  A dire elephant (Lair:6)
  3 vault guards (D:14)
  11 hydras
  5 catoblepae
  3 boulder beetles
  An ogre mage (D:15)
  3 centaur warriors (D:13)
  7 death yaks
  6 two-headed ogres
  A tengu warrior (D:13)
  Sonja (D:12)
  5 skeletal warriors
  4 orc knights
  3 deep elf pyromancers
  Pikel (D:8)
  A deep elf archer (D:14)
  An orb spider (Lair:2)
  An ugly thing (D:12)
  3 oklob plants (Lair:6)
  An orc sorcerer (D:14)
  4 manticores
  An elephant (D:10)
  5 cyclopes
  8 black mambas
  3 torpor snails
  11 cane toads
  Maggie (D:6)
  A gargoyle (D:10)
  Psyche (D:9)
  An unseen horror (D:11)
  2 rime drakes (Lair:4)
  3 efreet (D:14)
  5 komodo dragons
  A freezing wraith (D:14)
  3 tengu conjurers
  A merfolk (D:9)
  A merfolk (shapeshifter) (D:15)
  9 trolls
  A polar bear (Lair:1)
  A nameless horror (D:12)
  9 slime creatures
  Grinder (D:4)
  Prince Ribbit (D:8)
  7 dream sheep
  14 blink frogs
  2 shadows
  79 yaks
  9 wyverns
  4 hogs (D:12)
  A wraith (D:11)
  A human (D:14)
  4 steam dragons
  3 basilisks
  7 vampire mosquitoes (D:14)
  19 water moccasins
  2 acid dragons
  3 ice beasts
  14 orc warriors
  A black bear (D:10)
  3 ogres (D:15)
  3 necrophages
  24 wolves
  17 centaurs
  4 lemures (D:8)
  23 bullfrogs
  3 kobold brigands
  A wyvern zombie (D:5)
  A gnoll sergeant (D:9)
  2 scorpions
  A water moccasin skeleton (D:5)
  4 jellies
  6 killer bees (D:7)
  A howler monkey (D:3)
  10 wights
  5 electric eels
  4 centaur zombies
  A hound (D:5)
  A centaur skeleton (D:7)
  A gnoll shaman (D:9)
  5 orc priests
  Crazy Yiuf (D:2)
  An iron imp (D:6)
  An iguana (D:6)
  11 orc wizards
  A howler monkey skeleton (D:7)
  17 gnolls
  7 adders
  2 white imps
  A worm (D:2)
  43 orcs
  4 ball pythons
  3 bats
  7 endoplasms
  5 giant cockroaches
  5 goblins
  7 hobgoblins
  4 quokkas
  4 frilled lizards
  A jackal skeleton (D:4)
  17 kobolds
  4 rats
572 creatures vanquished.

Vanquished Creatures (collateral kills)
  2 hydras
  3 death yaks (Lair:4)
  A dream sheep (Lair:2)
  3 yaks
  2 wolves
11 creatures vanquished.

Vanquished Creatures (others)
  A human (D:10)
  55 fungi
  89 plants
145 creatures vanquished.

Grand Total: 728 creatures vanquished

Notes
Turn   | Place    | Note
-------+----------+-------------------------------------------
     0 | D:1      | ZARRMARR the Deep Elf Air Elementalist began the quest for
                  | the Orb.
     0 | D:1      | Reached XP level 1. HP: 10/10 MP: 6/6
   444 | D:1      | Reached skill level 4 in Spellcasting
   444 | D:1      | Reached XP level 2. HP: 15/15 MP: 3/9
  1119 | D:2      | Found a faded altar of an unknown god.
  1252 | D:2      | Found Kexzaete's Weapon Emporium.
  1253 | D:2      | Found a broken altar of Ashenzari.
  1443 | D:2      | Found a runed translucent door.
  1444 | D:2      | Noticed Crazy Yiuf
  1593 | D:2      | Reached XP level 3. HP: 19/19 MP: 8/11
  1717 | D:2      | Reached skill level 5 in Spellcasting
  2299 | D:2      | Learned a level 1 spell: Sandblast
  2378 | D:3      | Reached skill level 1 in Earth Magic
  2499 | D:3      | Reached skill level 6 in Spellcasting
  2499 | D:3      | Reached XP level 4. HP: 24/24 MP: 9/14
  2809 | D:3      | Reached XP level 5. HP: 28/28 MP: 11/15
  3531 | D:4      | Noticed Grinder
  3543 | D:4      | Killed Grinder
  3544 | D:4      | Reached skill level 7 in Spellcasting
  3544 | D:4      | Reached XP level 6. HP: 9/32 MP: 10/18
  4053 | D:4      | Learned a level 2 spell: Passwall
  4101 | D:5      | Entered Level 5 of the Dungeon
  4269 | D:5      | Reached skill level 8 in Spellcasting
  4294 | D:5      | Reached XP level 7. HP: 36/36 MP: 15/20
  4326 | D:5      | Reached skill level 5 in Earth Magic
  4600 | D:5      | Reached skill level 9 in Spellcasting
  4720 | D:5      | Found a shadowy altar of Dithmenos.
  4876 | D:5      | Reached XP level 8. HP: 41/41 MP: 19/23
  5338 | D:2      | Killed Crazy Yiuf
  5614 | D:2      | Learned a level 5 spell: Lee's Rapid Deconstruction
  5618 | D:2      | Learned a level 3 spell: Swiftness
  5827 | D:6      | Found a snail-covered altar of Cheibriados.
  5860 | D:6      | Reached skill level 10 in Spellcasting
  6361 | D:6      | Noticed Maggie
  6500 | D:6      | Killed Maggie
  6501 | D:6      | Reached skill level 11 in Spellcasting
  6799 | D:6      | Reached skill level 12 in Spellcasting
  6987 | D:7      | Reached XP level 9. HP: 45/45 MP: 17/27
  7375 | D:7      | Reached skill level 5 in Dodging
  7377 | D:7      | Reached skill level 13 in Spellcasting
  7532 | D:7      | Found a glowing silver altar of Zin.
  7533 | D:7      | Noticed an angel
  7667 | D:7      | Found an iron altar of Okawaru.
  7670 | D:7      | Found a bloodstained altar of Trog.
  7686 | D:7      | Found a staircase to the Ecumenical Temple.
  7706 | Temple   | Entered the Ecumenical Temple
  7804 | Temple   | Became a worshipper of Ru the Awakened
  7811 | Temple   | Fell from the grace of Ru
  7811 | Temple   | Became a worshipper of Sif Muna the Loreminder
  8115 | D:7      | Found a stormy altar of Qazlal.
  8536 | D:8      | Noticed a deep elf pyromancer
  8541 | D:8      | Killed a deep elf pyromancer
  8542 | D:8      | Reached skill level 14 in Spellcasting
  8542 | D:8      | Reached skill level 1 in Invocations
  8578 | D:8      | Noticed a manticore
  9131 | D:8      | Reached XP level 10. HP: 50/50 MP: 28/30
  9295 | D:8      | Reached skill level 15 in Spellcasting
  9392 | D:8      | Found Oretwaob's Assorted Antiques.
  9451 | D:8      | Noticed Prince Ribbit
  9453 | D:8      | Killed Prince Ribbit
  9613 | D:8      | Found an opulent altar of Gozag.
  9725 | D:8      | Killed a manticore
  9888 | D:8      | Noticed Pikel
  9892 | D:8      | Killed Pikel
 10215 | D:9      | Found the ring of the Octopus King
 10222 | D:9      | Identified a ring of the Octopus King {rF+ AC+1 EV+1 Str+1
                  | Int+1 Dex+1}
 10275 | D:9      | Reached skill level 16 in Spellcasting
 10275 | D:9      | Reached * piety under Sif Muna
 10275 | D:9      | Noticed Psyche
 10365 | D:9      | Killed Psyche
 10437 | D:9      | Learned a level 4 spell: Airstrike
 10710 | D:9      | Found a hide-covered altar of Uskayaw.
 11409 | D:10     | Entered Level 10 of the Dungeon
 11488 | D:10     | Noticed an elephant
 11493 | D:10     | Reached skill level 17 in Spellcasting
 11493 | D:10     | Reached XP level 11. HP: 54/54 MP: 16/34
 11631 | D:10     | Found a staircase to the Lair.
 11749 | D:10     | Reached ** piety under Sif Muna
 11960 | D:10     | Found an ancient bone altar of Kikubaaqudgha.
 11971 | D:10     | Reached skill level 5 in Invocations
 12047 | D:10     | Identified the +2 robe of Taiblius {rPois Int+6}
 12864 | D:11     | Reached skill level 18 in Spellcasting
 12923 | D:11     | Noticed a two-headed ogre
 12940 | D:11     | Killed a two-headed ogre
 13654 | D:11     | Noticed a boulder beetle
 13753 | D:12     | Noticed Kirke
 14240 | D:12     | Noticed a red ugly thing
 14243 | D:12     | Killed a red ugly thing
 14244 | D:12     | Reached skill level 19 in Spellcasting
 14254 | D:12     | Noticed a two-headed ogre
 14257 | D:12     | Killed a two-headed ogre
 14307 | D:12     | Reached XP level 12. HP: 59/59 MP: 13/37
 14390 | D:12     | You fall into a shaft and drop 2 floors!
 14396 | D:14     | Noticed a seven-headed hydra
 14399 | D:14     | Killed a seven-headed hydra
 14457 | D:14     | Noticed a centaur warrior
 14945 | D:13     | Noticed a tengu warrior
 15056 | D:12     | Noticed Sonja
 15057 | D:12     | Killed Sonja
 15273 | D:12     | Found Exuciff's Weapon Shoppe.
 15274 | D:12     | Found a staircase to the Orcish Mines.
 15346 | D:12     | Reached skill level 20 in Spellcasting
 15369 | D:12     | Learned a level 4 spell: Dispel Undead
 15374 | D:12     | Learned a level 4 spell: Ice Form
 15379 | D:12     | Learned a level 4 spell: Summon Ice Beast
 15638 | D:12     | Noticed a boulder beetle
 15819 | D:13     | Killed a tengu warrior
 16273 | D:13     | Reached skill level 10 in Dodging
 16277 | D:13     | Noticed a centaur warrior
 16281 | D:13     | Killed a centaur warrior
 16284 | D:13     | Noticed a centaur warrior
 16526 | D:13     | Killed a centaur warrior
 16771 | D:13     | Noticed a five-headed hydra
 16775 | D:13     | Killed a five-headed hydra
 16846 | D:13     | Identified a scroll of acquirement
 16847 | D:13     | Acquired 641 gold pieces
 16916 | D:12     | Bought the +6 rapier "Geilurat" {speed, Will+ rCorr Int+2}
                  | for 1094 gold pieces
 17121 | Lair:1   | Entered Level 1 of the Lair of Beasts
 17125 | Lair:1   | Noticed a five-headed hydra
 17129 | Lair:1   | Killed a five-headed hydra
 17160 | Lair:1   | Noticed a six-headed hydra
 17164 | Lair:1   | Killed a six-headed hydra
 17165 | Lair:1   | Reached skill level 21 in Spellcasting
 17239 | Lair:1   | Noticed an eight-headed hydra
 17242 | Lair:1   | Killed an eight-headed hydra
 17284 | Lair:1   | Noticed a death yak
 17288 | Lair:1   | Killed a death yak
 17289 | Lair:1   | Reached XP level 13. HP: 63/63 MP: 31/40
 17577 | Lair:1   | Identified the +1 long sword of Perversion {freeze, rC-
                  | Will+ Str+4}
 18483 | Lair:1   | Learned a level 2 spell: Poisonous Vapours
 19254 | Lair:2   | Reached *** piety under Sif Muna
 19375 | Lair:2   | Reached skill level 22 in Spellcasting
 19538 | Lair:2   | Found a staircase to the Swamp.
 19602 | Lair:2   | Found a hole to the Spider Nest.
 20639 | Lair:3   | Reached **** piety under Sif Muna
 21699 | Lair:4   | Found a transporter.
 21822 | Lair:4   | Reached skill level 23 in Spellcasting
 21995 | Lair:4   | Reached XP level 14. HP: 68/68 MP: 41/43
 22608 | Lair:4   | Found a transporter.
 22617 | Lair:4   | Found the +3 hat of Pondering {ponderous, Will+ MP+10
                  | Int+5}
 23136 | Lair:4   | Found a transporter.
 23569 | Lair:4   | Found a transporter.
 23931 | Lair:4   | Found a transporter.
 23955 | Lair:4   | Found a transporter.
 25628 | Lair:6   | Entered Level 6 of the Lair of Beasts
 25993 | Lair:6   | Found a staircase to the Slime Pits.
 25998 | Lair:6   | Reached skill level 10 in Invocations
 26160 | Lair:6   | Reached skill level 24 in Spellcasting
 27238 | Lair:6   | Acquired 542 gold pieces
 27431 | Lair:6   | Reached ***** piety under Sif Muna
 27683 | Lair:6   | Received a gift from Sif Muna
 28040 | Lair:6   | Got Gimaaw's Guide on Supportive Bewitchment {god gift}
 28195 | Lair:6   | Identified the ring of Qiqi Dat {*Corrode MP+9 Int+2 SInv}
 28671 | D:11     | Reached XP level 15. HP: 72/72 MP: 15/45
 29649 | D:13     | Reached skill level 25 in Spellcasting
 30570 | D:14     | Found a gate to the Vaults.
 30902 | D:14     | Found a runed translucent door.
 31005 | D:14     | Noticed Erphyb's ghost (journeyman DECj)
 31499 | D:15     | Entered Level 15 of the Dungeon
 31633 | D:13     | Learned a level 4 spell: Leda's Liquefaction
 31714 | D:15     | Found a stormy altar of Qazlal.
 31773 | D:15     | Found a runed translucent gate.
 31773 | D:15     | Found a runed translucent gate.
 31773 | D:15     | Found a runed translucent gate.
 31775 | D:15     | Noticed Vuirau's ghost (journeyman DsGl)
 32075 | D:15     | Found a portal to a secret trove of treasure.
 32784 | D:15     | Shot with an arrow by a centaur warrior

Illustrated notes

Levels and vault maps discovered:
D:1:      saegor_arrival_simple_a, layout_loops_ring
D:2:      layout_basic, basic_altar, ebering_ecumenical_altar_abandoned,
          serial_shops, nicolae_shop_trees, kennysheep_donut,
          grunt_ministairs_4, uniq_crazy_yiuf_cottage
D:3:      layout_basic
D:4:      layout_basic, uniq_grinder
D:5:      layout_gridville, nicolae_dithmenos_shadow_blocks,
          roderic_serpentine_path, chequers_serial_rivers_small_b
D:6:      layout_loops_ring, slow_altar_1, uniq_maggie
D:7:      layout_basic, lemuel_round_altar, grunt_temple_overflow_bloody_war,
          zin_angel, minmay_temple_entry_statues_fountains, chequers_arboretum
D:8:      layout_loops_corners, nicolae_gozag_cash_rules_everything_around_me,
          serial_shops, nicolae_shop_waterfront, minmay_chambers_of_fives,
          uniq_prince_ribbit1, uniq_pikel
D:9:      layout_long_grid, mainiacjoe_overflow_paths, grunt_ministairs_15,
          hangedman_fish_farm, uniq_psyche
D:10:     layout_rooms, tgw_kikubaaqudgha, david_lair_generic
D:11:     layout_loops_ring, serial_rivers, chequers_serial_rivers_micro_a,
          chequers_serial_rivers_micro_a, chequers_serial_rivers_large_a,
          chequers_serial_rivers_small_3
D:12:     layout_gridville, orc_david_3, uniq_sonja, uniq_kirke
D:13:     layout_layer_cave
D:14:     layout_basic, grunt_vaults_entry_fortified,
          ebering_ghost_reflecting_pool, chequers_serial_rivers_marsh
D:15:     grunt_enter_depths_snipers, layout_irregular_city,
          nicolae_qazlal_scattered_showers, enter_trove_0,
          maelrawn_ghost_gauntlet_escape
Temple:   dshaligram_water_room_temple
Lair:1:   layout_regular_city, minmay_shattered_shrine
Lair:2:   layout_gridlike, minmay_swamp_entry_eels,
          nicolae_spider_entry_orb_guardian, chequers_serial_rivers_marsh
Lair:3:   nzn_winding_woodlands_small [nzn_winding_woodlands_5x15_pool,
          nzn_winding_woodlands_center_pierced_h,
          nzn_winding_woodlands_5x15_concentric], layout_chaotic_city
Lair:4:   gammafunk_cloud_chamber, layout_regular_city, serial_bayou,
          serial_bayou_shore_b, serial_bayou_lagoon_b, serial_bayou_lagoon_a
Lair:5:   layout_roguey
Lair:6:   evilmike_catoblepas_cave, layout_gridlike,
          minmay_slime_entry_oklob_open

Skill      XL: |  1  2  3  4  5  6  7  8  9 10 11 12 13 14 15 |
---------------+----------------------------------------------+-----
Spellcasting   | 4 6 7 8 9 12 14 17 19 21 23 24 25 | 25.8
Earth Magic    | 1 2 4 6 |  6.7
Dodging        | 4 6 7 9 10 11 12 13 | 13.3
Invocations    | 2 4 6 8 9 10 11 | 11.2
Stealth        | |  2.4
Conjurations   | |  1.1
Air Magic      | |  3.0

Action                   |  1- 3 |  4- 6 |  7- 9 | 10-12 | 13-15 || total
-------------------------+-------+-------+-------+-------+-------++-------
Melee: Unarmed           |     4 |       |       |       |       ||     4
       Rapier            |       |       |       |       |     5 ||     5
 Cast: Shock             |    71 |    55 |    60 |    44 |     8 ||   238
       Sandblast         |     5 |    38 |    71 |    40 |    64 ||   218
       Lee's Rapid Decon |       |       |    48 |   175 |   214 ||   437
       Airstrike         |       |       |       |    83 |   429 ||   512
       Swiftness         |       |       |       |     7 |    15 ||    22
       Summon Ice Beast  |       |       |       |     5 |    28 ||    33
       Ice Form          |       |       |       |     2 |       ||     2
       Poisonous Vapours |       |       |       |       |    30 ||    30
       Passwall          |       |       |       |       |     2 ||     2
       Leda's Liquefacti |       |       |       |       |     2 ||     2
Invok: Channel Magic     |       |       |       |     7 |    12 ||    19
  Use: Scroll            |     4 |       |     4 |     7 |     5 ||    20
       Potion            |       |     1 |     1 |       |       ||     2
Armor: Robe              |     2 |     2 |    14 |    19 |    44 ||    81
Dodge: Dodged            |     3 |     3 |    23 |    47 |   131 ||   207
